 Dungeon Crawl Stone Soup version 0.27.1-1-g398f81649c (webtiles) character file.

Game seed: 14756671447721597813

218 Rastanax the Ducker (level 5, -4/24 HPs)
             Began as a Spriggan Conjurer on Sept 15, 2021.
             Was an Initiate of Gozag.
             Slain by Sigmund (5 damage)
             ... on level 3 of the Dungeon.
             The game lasted 00:13:27 (3134 turns).

Rastanax the Ducker (Spriggan Conjurer)             Turns: 3134, Time: 00:13:29

Health: -4/24      AC:  2    Str:  3    XL:     5   Next: 63%
Magic:  7/12       EV: 18    Int: 20    God:    Gozag
Gold:   46         SH:  0    Dex: 14    Spells: 2/13 levels left

rFire    . . .     SeeInvis +   c - +2 dagger (speed)
rCold    . . .     Faith    .   (shield restricted)
rNeg     . . .     Spirit   .   a - +0 robe
rPois    .         Reflect  .   (helmet restricted)
rElec    .         Harm     .   (no cloak)
rCorr    .         Rampage  .   (gloves unavailable)
Will     .....                  (boots unavailable)
Stlth    ++........             (no amulet)
HPRegen  0.08/turn              (no ring)
MPRegen  0.13/turn              (no ring)

@: very quick
A: very small, no large weapons, unfitting armour, see invisible, speed 3
a: Renounce Religion, Potion Petition, Call Merchant, Bribe Branch


You were on level 3 of the Dungeon.
You worshipped Gozag.
Gozag was noncommittal.
You visited 1 branch of the dungeon, and saw 3 of its levels.

You collected 79 gold pieces.
You paid 33 gold pieces to Gozag.

Inventory:

Hand Weapons
 c - a +2 dagger of speed (weapon)
Missiles
 b - 4 atropa-tipped darts
Armour
 a - a +0 robe (worn)
Scrolls
 e - a scroll of blinking
Potions
 d - a potion of flight {unknown}
 f - 3 potions of curing {unknown}
 g - a potion of berserk rage {unknown}
 h - a potion of heal wounds {unknown}


   Skills:
 + Level 4.8 Dodging
 - Level 3.0 Stealth
 + Level 4.5 Spellcasting
 + Level 3.8 Conjurations
 + Level 2.2 Translocations


You had 2 spell levels left.
You knew the following spells:

 Your Spells              Type           Power      Damage    Failure   Level
a - Magic Dart            Conj           76%        1d6       2%          1
b - Searing Ray           Conj           38%        3d4       3%          2
c - Fulminant Prism       Conj/Hex       6%         3d7       50%         4
d - Iskenderun's Mystic   Conj/Tloc      16%        2d5       34%         4

Your spell library contained the following spells:

 Spells                   Type           Power      Damage    Failure   Level
 Dazzling Flash           Conj/Hex       24%        N/A       17%         3
 Starburst                Conj/Fire      6%         6d4       100%        6


Dungeon Overview and Level Annotations

Branches:
Dungeon (3/15)

Altars:
Gozag
Zin

Annotations:
D:3 Sigmund


Innate Abilities, Weirdness & Mutations

You are very small and have problems with some larger weapons.
You are too small for most types of armour.
You have supernaturally acute eyesight. (SInv)
You cover ground extremely quickly. (Speed+++)


Message History

Casting: Magic Dart (safe; 2% risk of failure)
Confirm with . or Enter, or press ? or * to list all spells.
Aiming: Magic Dart (safe; 2% risk of failure)
Press: ? - help, Shift-Dir - straight line, f/p - Sigmund
Aim: Sigmund, wielding a +0 vorpal scythe and wearing a +0 robe (100% to hit)
The magic dart hits Sigmund.
Sigmund is lightly wounded.
Casting: Magic Dart (safe; 2% risk of failure)
Confirm with . or Enter, or press ? or * to list all spells.
Aiming: Magic Dart (safe; 2% risk of failure)
Press: ? - help, Shift-Dir - straight line, f/p - Sigmund
Aim: Sigmund, wielding a +0 vorpal scythe and wearing a +0 robe (lightly wounded, 100% to hit)
The magic dart hits Sigmund.
Sigmund is lightly wounded.
Casting: Magic Dart (safe; 2% risk of failure)
Confirm with . or Enter, or press ? or * to list all spells.
You don't know that spell.
Okay, then.
Unknown command.
Unknown command.
Unknown command.
Unknown command.
Unknown command.
Sigmund gestures at you while chanting. The puff of flame hits you!
Casting: Magic Dart (safe; 2% risk of failure)
Confirm with . or Enter, or press ? or * to list all spells.
Aiming: Searing Ray (safe; 3% risk of failure)
Press: ? - help, Shift-Dir - straight line, f/p - Sigmund
Aim: Sigmund, wielding a +0 vorpal scythe and wearing a +0 robe (lightly wounded, 75% to hit)
The searing ray hits Sigmund!
Sigmund is moderately wounded. (Press . to maintain the ray.)
The searing ray hits Sigmund.
Sigmund is heavily wounded.
Sigmund hits you from afar with a +0 vorpal scythe!
Ouch! That really hurt!
* * * LOW HITPOINT WARNING * * *
You die...
Your body crumbles into a pile of gold.

#########.#
#..##### #..
#..$.# ##.#
#.##...# #..
#.# ##...#
##.#######.##
#.h
#...........#
.
#....@......#
#.$.........#
######
#......@....#
.....#
............#
####.# $
............#
#...#
............#
#...#
#####'####.##
#...# #.##
#.# #...#
#..# #.#
#.>.#
##.###.#
#...# #..##.#


You could see Sigmund.

Vanquished Creatures
  Natasha (twice) (D:3)
  2 orc wizards (D:3)
  4 gnolls (D:2)
  2 adders
  A worm (D:2)
  3 orcs (D:3)
  5 endoplasms
  2 giant cockroaches
  5 goblins
  4 hobgoblins (D:1)
  2 quokkas
  3 ball pythons
  7 bats
  4 frilled lizards
  7 kobolds
  7 rats
60 creatures vanquished.

Vanquished Creatures (others)
  11 plants (D:2)
11 creatures vanquished.

Grand Total: 71 creatures vanquished

Notes
Turn   | Place    | Note
-------+----------+-------------------------------------------
     0 | D:1      | Rastanax the Spriggan Conjurer began the quest for the Orb.
     0 | D:1      | Reached XP level 1. HP: 9/9 MP: 5/5
     2 | D:1      | Noticed a minotaur
     2 | D:1      | Noticed a draconian
     4 | D:1      | Noticed a demonspawn
     4 | D:1      | Noticed a palentonga
     6 | D:1      | Noticed a dwarf
     6 | D:1      | Noticed an elf
     8 | D:1      | Noticed a vine stalker
     8 | D:1      | Noticed a djinni
    10 | D:1      | Noticed a ghoul
    10 | D:1      | Noticed a troll
    12 | D:1      | Noticed a naga
    12 | D:1      | Noticed a formicid
    14 | D:1      | Noticed a barachi
    14 | D:1      | Noticed an ogre
    16 | D:1      | Noticed a felid
    18 | D:1      | Noticed a human
    18 | D:1      | Noticed a vampire
    20 | D:1      | Noticed a tengu
    20 | D:1      | Noticed a merfolk
    22 | D:1      | Noticed a spriggan
    24 | D:1      | Noticed an octopode
    24 | D:1      | Noticed a demigod
    26 | D:1      | Noticed a gargoyle
   346 | D:1      | Reached XP level 2. HP: 13/13 MP: 2/7
   526 | D:1      | Learned a level 2 spell: Searing Ray
  1152 | D:2      | Found a faded altar of an unknown god.
  1154 | D:2      | Reached XP level 3. HP: 16/16 MP: 6/8
  2261 | D:2      | Reached XP level 4. HP: 21/21 MP: 4/10
  2433 | D:2      | Learned a level 4 spell: Fulminant Prism
  2438 | D:2      | Learned a level 4 spell: Iskenderun's Mystic Blast
  2623 | D:3      | Reached skill level 1 in Translocations
  2624 | D:3      | Reached XP level 5. HP: 23/24 MP: 2/12
  2717 | D:3      | Noticed Sigmund
  2802 | D:3      | Noticed Natasha
  2806 | D:3      | Killed Natasha
  2888 | D:3      | Noticed Natasha
  2895 | D:3      | Killed Natasha
  2980 | D:3      | Found an opulent altar of Gozag.
  2980 | D:3      | Found a glowing silver altar of Zin.
  3002 | D:3      | Became a worshipper of Gozag Ym Sagoz the Greedy
  3134 | D:3      | HP: 1/24 [Sigmund (14)]
  3134 | D:3      | Slain by Sigmund

Illustrated notes

Levels and vault maps discovered:
D:1:      kb_arrival_jail, layout_rooms
D:2:      layout_basic, chequers_ecumenical_altar_simple_redux,
          serial_bayou_lagoon_a, dk_noncrumbling_4, minmay_distorted
D:3:      layout_basic, grunt_temple_overflow_gold_and_silver,
          gup_sewer_entry_glass, uniq_sigmund, uniq_natasha, uniq_terence

Skill      XL: |  1  2  3  4  5 |
---------------+----------------+-----
Conjurations   | 3 |  3.8
Dodging        | 3 4 |  4.8
Spellcasting   | 3 4 |  4.5
Translocations | 1 2 |  2.2
Stealth        | |  3.0

Action                   |  1- 3 |  4- 6 || total
-------------------------+-------+-------++-------
Melee: Unarmed           |     4 |       ||     4
       Dagger            |     9 |    13 ||    22
 Cast: Magic Dart        |    62 |    18 ||    80
       Searing Ray       |    13 |    10 ||    23
  Use: Scroll            |       |     2 ||     2
Armor: Robe              |     1 |       ||     1
Dodge: Dodged            |     7 |    18 ||    25
